 Dungeon Crawl Stone Soup version 0.25-a0-58-g9dd530fc12 (webtiles) character file.

Game seed: 6519312375471219056, levelgen mode: deterministic

2986 Gargoyl the Nimble (level 9, -10/81 HPs)
             Began as a Red Draconian Abyssal Knight on Oct 25, 2019.
             Was a High Priest of Lugonu.
             Mangled by an orc warrior
             ... wielding a +0 halberd
              (11 damage)
             ... in a bailey on Oct 26, 2019.
             The game lasted 00:16:16 (7536 turns).

Gargoyl the Nimble (Red Draconian Abyssal Knight)   Turns: 7536, Time: 00:16:18

Health: -10/81     AC: 11    Str: 18    XL:     9   Next: 53%
Magic:  13/13      EV: 18    Int: 12    God:    Lugonu [*****.]
Gold:   180        SH:  6    Dex: 15    Spells: 8/8 levels left

rFire    + . .     SeeInvis .   c - +7 spear
rCold    . . .     Gourm    .   (no shield)
rNeg     . . .     Faith    .   (armour unavailable)
rPois    .         Spirit   .   (helmet restricted)
rElec    .         Reflect  +   k - +0 cloak
rCorr    .         Harm     .   (no gloves)
MR       +....     Rnd*Tele +   n - +1 pair of boots {run}
Stlth    +++.......             q - +6 amulet of reflection
HPRegen  0.23/turn              j - ring of protection from magic
MPRegen  0.13/turn              l - +2 ring of dexterity

@: about to teleport, short of breath, quick
A: breathe fire, unfitting armour, agile 1, fire resistance 1, shaggy fur 1,
teleportitis 1, wild magic 1, cold-blooded, AC +7
a: Breathe Fire, Depart the Abyss, Bend Space, Banish, Corrupt, Enter the Abyss,
Renounce Religion


You were in a bailey.
You worshipped Lugonu.
Lugonu was extremely pleased with you.
You were very hungry.

You visited 1 branch of the dungeon, and saw 8 of its levels.
You visited the Abyss 1 time.
You also visited: Bailey.

You collected 517 gold pieces.
You spent 337 gold pieces at shops.

Inventory:

Hand Weapons
 a - a +3 hand axe
 c - a +7 spear (weapon)
 f - a +1 vampiric war axe
 u - a +1 broad axe of flaming
Armour
 k - a +0 cloak (worn)
 n - a +1 pair of boots of running (worn)
Jewellery
 j - a ring of protection from magic (left hand)
 l - a +2 ring of dexterity (right hand)
 q - a +6 amulet of reflection (around neck)
 A - an uncursed ring of magical power {unknown}
Wands
 p - a wand of flame (19)
 y - a wand of iceblast (6)
Scrolls
 d - 3 scrolls of identify
 h - a scroll of fog
 m - 2 scrolls of teleportation
 v - a scroll of remove curse
 B - a scroll of silence {unknown}
Potions
 e - 2 potions of curing
 g - 2 potions of lignification {unknown}
 i - a potion of flight
 o - 2 potions of might
 r - 2 potions of heal wounds {unknown}
 s - a potion of agility {unknown}
 t - a potion of magic {unknown}
 w - a potion of invisibility {unknown}
 z - a potion of degeneration {unknown}
Comestibles
 b - 11 rations


   Skills:
 + Level 7.8 Fighting
 + Level 2.2 Axes
 * Level 8.7 Dodging
 + Level 4.2 Stealth
 * Level 6.3 Invocations


You had 8 spell levels left.
You didn't know any spells.
Your spell library contained the following spells:

 Spells                   Type           Power        Failure   Level  Hunger
 Flame Tongue             Conj/Fire      #....        41%         1    ##.....
 Throw Flame              Conj/Fire      #.....       54%         2    ###....
 Conjure Flame            Conj/Fire      #.......     77%         3    ####...
 Gell's Gravitas          Tloc           #.........   77%         3    ####...
 Inner Flame              Hex/Fire       #.......     77%         3    ####...
 Portal Projectile        Hex/Tloc       #.....       77%         3    ####...
 Recall                   Summ/Tloc      N/A          77%         3    ####...
 Teleport Other           Tloc           #.......     77%         3    ####...
 Force Lance              Conj/Tloc      #.......     98%         4    #####..
 Sticky Flame             Conj/Fire      #.......     98%         4    #####..
 Fireball                 Conj/Fire      #.........   100%        5    ######.


Dungeon Overview and Level Annotations

Branches:
Dungeon (8/15)             Temple (0/1) D:6          Bailey (1/1)
   Lair: D:8-11

Altars:
Ashenzari
Cheibriados
Elyvilon
Fedhas
Hepliaklqana
Nemelex Xobeh
Qazlal
Trog
Vehumet
Wu Jian

Shops:
D:6 (   D:7 =

Annotations:
D:2 2 transporters


Innate Abilities, Weirdness & Mutations

You can breathe blasts of fire.
Your fiery red scales are hard. (AC +7)
You cannot fit into any form of body armour.
Your flesh is heat resistant. (rF+)
You are cold-blooded and may be slowed by cold attacks.
You are agile. (Dex +2)
You are covered in fur. (AC +1)
You are occasionally teleported next to monsters.
Your spells are a little harder to cast, but a little more powerful.


Message History

The orc warrior hits you from afar with a +0 halberd!
Attack whom?
Press: ? - help, Dir - move target cursor, f/p - orc warrior
Aim: an orc warrior, wielding a +0 halberd and wearing a +0 ring mail (lightly wounded)
You reach to attack!
You hit the orc warrior.
The orc warrior is moderately wounded.
The orc completely misses you.
The orc warrior hits you from afar with a +0 glaive!!
The orc warrior hits you from afar with a +0 halberd!
* * * LOW HITPOINT WARNING * * *
Attack whom?
Press: ? - help, Dir - move target cursor, f/p - orc warrior
Aim: an orc warrior, wielding a +0 halberd and wearing a +0 ring mail (moderately wounded)
You reach to attack!
You hit the orc warrior.
The orc warrior is heavily wounded.
The orc hits you but does no damage.
The orc warrior hits you from afar with a +0 glaive!
* * * LOW HITPOINT WARNING * * *
The orc warrior hits you from afar with a +0 halberd!
You die...

≈≈≈≈≈oo. ....≈≈≈.
≈≈.≈..(... ≈≈≈≈..≈≈
≈.≈≈.⌠.....
...≈≈≈.≈
≈c≈.......o.
≈≈≈..≈≈.
≈≈....≈≈≈≈≈≈
..≈≈≈.≈.
#####...≈≈≈≈≈≈≈≈≈
.⌠..≈.≈≈
+...o..≈≈≈≈≈≈≈≈≈≈≈
∩∩..≈...
+...oo.≈≈≈≈≈))?≈≈≈≈
.⌠..≈.≈≈
+.@.o○.≈≈≈≈≈≈≈≈≈≈≈≈
..≈≈≈.≈.
#####...≈≈≈≈≈≈≈≈≈≈≈
≈≈≈..≈≈.
#≈≈.≈≈..((≈≈≈≈≈≈≈..
)..≈≈≈.≈
#≈≈≈.≈.............
≈≈≈≈..≈≈
#≈≈≈.≈≈.⌠.(.......⌠
....≈≈≈.
#≈≈≈≈.≈...(........
≈≈≈≈≈...
#≈≈≈≈.≈≈≈.........≈
..)..###
#≈≈≈≈≈..≈≈≈.....≈≈≈
######
#≈≈≈≈≈≈≈..≈≈≈≈≈≈≈..


You could see 2 orc warriors and 2 orcs.

Vanquished Creatures
  A spriggan (D:7)
  Edmund (D:5)
  Duvessa (D:5)
  An orc warrior (D:6)
  2 ice beasts (D:8)
  4 phantoms
  A sky beast (D:7)
  4 ogres
  2 centaurs (Bailey)
  Dowan (D:5)
  A scorpion (D:6)
  A bullfrog zombie (D:3)
  3 crimson imps
  4 jellies
  6 orc wizards
  6 orc priests
  Crazy Yiuf (D:4)
  4 hounds
  3 iguanas
  5 worker ants
  A hound skeleton (D:4)
  A worker ant zombie (D:7)
  2 howler monkey skeletons
  4 gnolls (D:8)
  3 adders
  4 oozes (D:2)
  An adder zombie (D:5)
  7 worms
  2 dart slugs
  4 leopard geckos
  32 orcs
  12 giant cockroaches
  19 goblins
  11 hobgoblins
  13 jackals
  3 quokkas
  10 bats
  5 frilled lizards
  A jackal skeleton (D:5)
  11 kobolds
  10 rats
208 creatures vanquished.

Vanquished Creatures (others)
  3 toadstools (D:1)
3 creatures vanquished.

Grand Total: 211 creatures vanquished

Notes
Turn   | Place    | Note
-------+----------+-------------------------------------------
     0 | Abyss:1  | Gargoyl the Draconian Abyssal Knight began the quest for
                  | the Orb.
     0 | Abyss:1  | Reached XP level 1. HP: 19/19 MP: 2/2
    31 | Abyss:1  | Noticed a green death
    36 | D:1      | Escaped the Abyss
    60 | D:1      | You fall into a shaft and drop 1 floor!
    60 | D:2      | Found a blossoming altar of Fedhas.
    64 | D:2      | Reached * piety under Lugonu
    77 | D:2      | Reached XP level 2. HP: 4/26 MP: 3/3
   517 | D:2      | Found a white marble altar of Elyvilon.
   527 | D:2      | Reached XP level 3. HP: 9/33 MP: 4/4
   751 | D:2      | Found a transporter.
   769 | D:2      | Noticed an ice beast
   771 | D:2      | Found a hazy altar of Hepliaklqana.
   771 | D:2      | Found a transporter.
  1038 | D:2      | Reached skill level 3 in Dodging
  1269 | D:1      | Reached XP level 4. HP: 40/40 MP: 5/5
  1490 | D:1      | Reached ** piety under Lugonu
  1692 | D:2      | Gained mutation: Your spells are a little harder to cast,
                  | but a little more powerful. [potion of mutation]
  1692 | D:2      | Gained mutation: You are covered in fur. (AC +1) [potion of
                  | mutation]
  1692 | D:2      | Gained mutation: You are occasionally teleported next to
                  | monsters. [potion of mutation]
  1692 | D:2      | Gained mutation: You are agile. (Dex +2) [potion of
                  | mutation]
  1955 | D:3      | Found a faded altar of an unknown god.
  1987 | D:3      | Reached XP level 5. HP: 46/47 MP: 7/7
  1995 | D:3      | Upgraded the game from 0.25-a0-55-g0753fd1ad2 to
                  | 0.25-a0-58-g9dd530fc12
  2076 | D:3      | HP: 1/47 [orc priest/divine providence (13)]
  2145 | D:4      | HP: 2/47 [hound (5)]
  2428 | D:3      | Reached skill level 4 in Dodging
  2428 | D:3      | Reached XP level 6. HP: 31/55 MP: 8/8
  2624 | D:3      | Reached *** piety under Lugonu
  2904 | D:3      | Found a sparkling altar of Nemelex Xobeh.
  3054 | D:4      | Found a runed translucent door.
  3055 | D:4      | Noticed Crazy Yiuf
  3090 | D:4      | Reached skill level 5 in Fighting
  3224 | D:4      | Identified the Compendium of Translocation
  3247 | D:4      | Reached skill level 1 in Stealth
  3268 | D:4      | Found a snail-covered altar of Cheibriados.
  3278 | D:4      | Found a radiant altar of Vehumet.
  3517 | D:4      | Reached skill level 5 in Dodging
  3517 | D:4      | Your scales start taking on a fiery red colour.
  3517 | D:4      | Reached XP level 7. HP: 61/61 MP: 10/10
  3517 | D:4      | Gained mutation: Your flesh is heat resistant. (rF+) [Red
                  | Draconian growth]
  3565 | D:4      | Noticed a moth of wrath
  3581 | D:4      | Found a bloodstained altar of Trog.
  4047 | D:4      | Killed Crazy Yiuf
  4275 | D:5      | Entered Level 5 of the Dungeon
  4275 | D:5      | Found a shattered altar of Ashenzari.
  4299 | D:5      | Noticed Dowan
  4300 | D:5      | Noticed Duvessa
  4316 | D:5      | Killed Dowan
  4320 | D:5      | Killed Duvessa
  4320 | D:5      | Reached skill level 6 in Dodging
  4320 | D:5      | Reached XP level 8. HP: 39/70 MP: 11/11
  4589 | D:5      | Found an ornate altar of the Wu Jian Council.
  4750 | D:5      | Reached **** piety under Lugonu
  4800 | D:5      | Reached skill level 5 in Invocations
  4828 | D:5      | Noticed Edmund
  4858 | D:5      | Killed Edmund
  5478 | D:6      | Reached skill level 7 in Dodging
  5540 | D:6      | Found a staircase to the Ecumenical Temple.
  5741 | D:6      | Identified a +1 pair of boots of running (You found it on
                  | level 6 of the Dungeon)
  5791 | D:6      | Found Awidwat's Antique Weapon Shoppe.
  5794 | D:6      | Bought a glowing war axe for 162 gold pieces
  5795 | D:6      | Bought a runed broad axe for 175 gold pieces
  6463 | D:7      | Found Jofomo's Jewellery Emporium.
  6660 | D:7      | Reached XP level 9. HP: 69/79 MP: 13/13
  6814 | D:7      | Found a stormy altar of Qazlal.
  7081 | D:7      | Reached ***** piety under Lugonu
  7081 | D:7      | Reached skill level 8 in Dodging
  7278 | D:8      | Found a flagged portal.
  7290 | Bailey   | Entered a bailey
  7536 | Bailey   | HP: 1/81 [orc warrior/+0 glaive (11)]
  7536 | Bailey   | Mangled by an orc warrior

Levels and vault maps discovered:
D:1:      dpeg_arrival_tiny_g, layout_basic, minmay_gold_behind_fungi
D:2:      layout_basic, fedhas_altar_3, old_standard_altar,
          gammafunk_temple_overflow_arena, first_ration, moated_statue
D:3:      cheibrodos_greedy_goblins, layout_loops_ring,
          nemelex_xobeh_ov_fountains_minmay, chequers_ecumenical_altar_simple
D:4:      layout_basic, tgw_trog, amethyst_overflow_temple_binary,
          uniq_crazy_yiuf_cottage
D:5:      minmay_spotlight, layout_basic, lemuel_round_altar,
          cheibrodos_ashenzari_chains, uniq_duvessa, uniq_edmund
D:6:      layout_gridville, minmay_temple_entry_junction_2, serial_shops,
          nicolae_shop_window_shopping, minivault_27, chequers_garden
D:7:      layout_gridville, nicolae_qazlal_general_emergency, serial_shops,
          nicolae_shop_waterfront, the_bakery
D:8:      layout_basic, enter_bailey_3, minmay_diced_spiral, uniq_joseph,
          uniq_maurice
Bailey:   bailey_polearm_flooded_kennysheep, bailey

Skill      XL: |  1  2  3  4  5  6  7  8  9 |
---------------+----------------------------+-----
Fighting       | 4 5 6 7 |  7.8
Dodging        | 3 4 5 6 7 8 |  8.7
Invocations    | 3 4 5 6 |  6.3
Stealth        | 1 2 3 4 |  4.2
Axes           | |  2.2

Action                   |  1- 3 |  4- 6 |  7- 9 || total
-------------------------+-------+-------+-------++-------
Melee: Spear             |    74 |   185 |   313 ||   572
       Tailslap          |     5 |    17 |    44 ||    66
Throw: Javelin           |       |       |     5 ||     5
Invok: Depart the Abyss  |     1 |       |       ||     1
 Abil: Breathe Fire      |       |       |    21 ||    21
  Use: Scroll            |       |    10 |     6 ||    16
       Potion            |       |     4 |       ||     4
 Stab: Sleeping          |     1 |     1 |     4 ||     6
  Eat: Chunk             |     1 |     7 |    16 ||    24
Armor: Skin              |    17 |    55 |    54 ||   126
Dodge: Dodged            |    41 |   128 |   258 ||   427
Block: Other             |       |       |    50 ||    50

Table legend:
 A = Non-vault XP
 B = Vault XP
 C = Vault XP percentage of total XP
 D = Non-vault monster count
 E = Vault monster count
 F = Vault count percentage of total count
                 A         B        C        D         E       F
            +---------+---------+-------+---------+---------+-------
      Total |    3104 |    1163 |  27.3 |     168 |      40 |  19.2
            +---------+---------+-------+---------+---------+-------
        D:1 |      37 |       0 |   0.0 |      19 |       0 |   0.0
        D:2 |      98 |       0 |   0.0 |      32 |       0 |   0.0
        D:3 |     172 |      19 |   9.9 |      24 |      10 |  29.4
        D:4 |     845 |      49 |   5.5 |      29 |       6 |  17.1
        D:5 |     314 |     615 |  66.2 |      17 |       8 |  32.0
        D:6 |     494 |       0 |   0.0 |      18 |       0 |   0.0
        D:7 |     529 |     220 |  29.4 |      18 |       1 |   5.3
        D:8 |     615 |       6 |   1.0 |      11 |       4 |  26.7
     Bailey |       0 |     254 | 100.0 |       0 |      11 | 100.0
            +---------+---------+-------+---------+---------+-------
